 Dungeon Crawl Stone Soup version 0.28-a0-1613-gdaab1c2f9b (webtiles) character file.

Game seed: 6135481411854074026

15 funkygono the Firebug (level 2, -2/15 HPs)
             Began as a Gargoyle Fire Elementalist on Jan 21, 2022.
             Slain by a gnoll (5 damage)
             ... on level 2 of the Dungeon.
             The game lasted 00:01:23 (543 turns).

funkygono the Firebug (Gargoyle Fire Elementalist)   Turns: 543, Time: 00:01:24

Health: -2/15      AC:  5    Str: 11    XL:     2   Next: 50%
Magic:  0/5        EV: 12    Int: 15    God:
Gold:   77         SH:  0    Dex: 10    Spells: 2/5 levels left

rFire   . . .      SeeInvis .   b - +0 club
rCold   . . .      Faith    .   (no shield)
rNeg    + . .      Spirit   .   a - +0 robe
rPois   ∞          Reflect  .   (no helmet)
rElec   +          Harm     .   (no cloak)
rCorr   .          Rampage  .   d - +0 pair of gloves
Will    .....                   (no boots)
Stlth   ++........              (no amulet)
HPRegen 0.05/turn               (no ring)
MPRegen 0.09/turn               (no ring)

@: no status effects
A: sickness immunity, AC +2, negative energy resistance 1, electricity
resistance, torment resistance 1, petrification resistance
a: no special abilities


You were on level 2 of the Dungeon.
You visited 1 branch of the dungeon, and saw 2 of its levels.

You collected 77 gold pieces.

Inventory:

Hand Weapons
 b - a +0 club (weapon)
Missiles
 g - 15 stones
Armour
 a - a +0 robe (worn)
 d - a +0 pair of gloves (worn)
Scrolls
 c - a scroll of holy word {unknown}
 e - a scroll of vulnerability {unknown}
Potions
 f - a potion of lignification {unknown}


   Skills:
 + Level 0.2 Fighting
 + Level 1.6 Dodging
 - Level 2.1 Stealth
 * Level 2.2 Spellcasting
 * Level 1.2 Conjurations
 * Level 3.5 Fire Magic


You had 2 spell levels left.
You knew the following spells:

 Your Spells              Type           Power      Damage    Failure   Level
a - Foxfire               Conj/Fire      32%        2x1d5     9%          1
b - Scorch                Fire           24%        2d6       8%          2

Your spell library contained the following spells:

 Spells                   Type           Power      Damage    Failure   Level
 Conjure Flame            Conj/Fire      8%         6-21      24%         3
 Inner Flame              Hex/Fire       6%         N/A       32%         3
 Flame Wave               Conj/Fire      8%         2d5       63%         4


Dungeon Overview and Level Annotations

Branches:
Dungeon (1/15)

Altars:

Shops:
D:1 [


Innate Abilities, Weirdness & Mutations

You are immune to sickness and miasma.
Your stone body is resilient. (AC +2)
You are immune to poison.
You resist negative energy. (rN+)
You are resistant to electric shocks. (rElec)
You are resistant to unholy torment.
You are immune to petrification.


Message History

Flames lash the endoplasm.
You kill the endoplasm!
The adder bites you.
You miss the adder. The adder bites you but does no damage.
You hit the adder.
The adder is lightly wounded.
The adder barely misses you. x2
You barely miss the adder.
The adder is lightly wounded.
The adder barely misses you. The adder closely misses you.
You barely miss the adder. The adder bites you.
You miss the adder. The adder bites you but does no damage.
The adder barely misses you.
Casting: Scorch (safe; 8% risk of failure)
Confirm with . or Enter, or press ? or * to list all spells.
Flames lash the adder.
The adder is heavily wounded.
The adder's fire resistance burns away.
The adder barely misses you.
Unknown command.
You miss the adder.
The adder is heavily wounded.
The adder bites you but does no damage. The adder barely misses you.
The adder is no longer more vulnerable to fire.
A gnoll comes into view.
It is wielding a +0 flail of protection.
The adder bites you.
You see here 8 gold pieces.
A gnoll comes into view. It is wielding a +0 club.
The adder completely misses you. The adder barely misses you.
The adder bites you.
Casting: Scorch (safe; 8% risk of failure)
Confirm with . or Enter, or press ? or * to list all spells.
You conjure some foxfire!
The gnoll barely misses you. The adder bites you.
* * * LOW HITPOINT WARNING * * *
You hit the gnoll.
The gnoll is lightly wounded.
The foxfire hits the gnoll.
The gnoll is heavily wounded.
The gnoll hits you with a +0 spear.
You die...

#. #.# #. #.. .
.###.# ..
..#.##...
######......#
#......?....#
#g####......#
#.#.g.......#
#.#@##g#....# #
#S#S##.#....#.#
#
#J#g##.#....#.#.
#.#g..g.g.......
#.####.#.#.#.##
#.#....#......#
##.#.######g####
#......g.g$.#
####.########


You could see 2 gnolls, an adder and a hobgoblin.

Vanquished Creatures
  3 ball pythons (D:1)
  2 endoplasms
  A goblin (D:1)
  2 hobgoblins (D:1)
  3 jackals
11 creatures vanquished.

Vanquished Creatures (others)
  29 foxfires
29 creatures vanquished.

Grand Total: 40 creatures vanquished

Notes
Turn   | Place    | Note
-------+----------+-------------------------------------------
     0 | D:1      | funkygono the Gargoyle Fire Elementalist began the quest
                  | for the Orb.
     0 | D:1      | Reached XP level 1. HP: 10/10 MP: 3/3
   176 | D:1      | Found Soej's Armour Emporium.
   215 | D:1      | Reached XP level 2. HP: 15/15 MP: 3/5
   218 | D:1      | Learned a level 2 spell: Scorch
   379 | D:1      | Found a faded altar of an unknown god.
   495 | D:1      | You fall into a shaft and drop 1 floor!
   543 | D:2      | Slain by a gnoll

Illustrated notes

Levels and vault maps discovered:
D:1:      roderic_chinese_lattice_arrival, layout_basic, serial_shops, shop,
          hellmonk_ecumenical_altar_lost_god, minmay_tromino_i2
D:2:      layout_basic, minmay_tripent

Action                   || total
-------------------------++-------
Melee: Club              ||    13
       Punch             ||     1
 Cast: Foxfire           ||    17
       Scorch            ||     4
Armor: Robe              ||    10
Dodge: Dodged            ||    22

Table legend: (Time is in decaauts)
 A = Elapsed time spent in this place.
 B = Non-inter-level travel time spent in this place.
 C = Inter-level travel time spent in this place.
 D = Time resting spent in this place.
 E = Time spent auto-exploring this place.
 F = Levels seen in this place.
 G = Mean time per level.
                   A        B        C        D        E       F      G
               +--------+--------+--------+--------+--------+-----+--------+
         Total |    545 |    545 |      0 |      0 |    391 |   2 |  272.5 |
       Dungeon |    545 |    545 |      0 |      0 |    391 |   2 |  272.5 |
               +--------+--------+--------+--------+--------+-----+--------+

Top non-repeatable levels by time:
     D:1: 494 daAuts
     D:2: 51 daAuts
